 Dungeon Crawl Stone Soup version 0.19-a0-1401-g902f63d (webtiles) character file.

213 epen the Poker (level 5, 0/43 HPs)
             Began as a Merfolk Monk on Sept 4, 2016.
             Slain by a gnoll (7 damage)
             ... on level 2 of the Dungeon.
             The game lasted 00:02:18 (2669 turns).

epen the Poker (Merfolk Monk)                       Turns: 2669, Time: 00:02:19

Health: 0/43       AC:  2    Str: 12    XL:     5   Next: 90%
Magic:  5/5        EV: 15    Int: 10    God:
Gold:   126        SH:  0    Dex: 16    Spells: 0 memorised, 4 levels left

rFire  . . .     SeeInvis .     a - +0 spear
rCold  . . .     Gourm    .     b - +0 robe
rNeg   . . .     Faith    .     (no shield)
rPois  .         Spirit   .     (no helmet)
rElec  .         Dismiss  .     (no cloak)
rCorr  .         Reflect  .     (no gloves)
MR     .....     Harm     .     (no boots)
Stlth  ++........               (no amulet)
                                (no ring)
                                (no ring)

@: no status effects
A: change form in water, swift swim, stealthy swim
a: no special abilities


You were on level 2 of the Dungeon.
You were not hungry.

You visited 1 branch of the dungeon, and saw 2 of its levels.

You collected 126 gold pieces.

Inventory:

Hand Weapons
 a - a +0 spear (weapon)
Armour
 b - a +0 robe (worn)
Scrolls
 d - a scroll of enchant weapon {unknown}
Potions
 e - a potion of lignification {unknown}
 h - a potion of invisibility {unknown}
Comestibles
 c - 5 bread rations
 f - 4 chunks of flesh
 g - a meat ration


   Skills:
 + Level 4.4 Fighting
 + Level 5.9 Polearms
 * Level 2.1 Armour
 + Level 5.2 Dodging
 - Level 2.1 Stealth


You had 4 spell levels left.
You didn't know any spells.

Dungeon Overview and Level Annotations

Branches:
Dungeon (2/15)

Altars:


Message History

You kill the gnoll!
Attack whom?
Press: ? - help, Dir - move target cursor, f - gnoll
Aim: a gnoll You reach to attack!
You hit the gnoll.
The gnoll is moderately wounded.
Attack whom?
Press: ? - help, Dir - move target cursor, f/p - gnoll
Aim: a gnoll (moderately wounded)
You closely miss the gnoll.
The gnoll is moderately wounded.
The gnoll hits you.
* * * LOW HITPOINT WARNING * * *
Attack whom?
Press: ? - help, Dir - move target cursor, f/p - gnoll
Aim: a gnoll (moderately wounded)
You hit the gnoll.
The gnoll is heavily wounded.
The gnoll hits you!
You die...

##†#######.###..........)#....#
...#.....#.#.'...........'.##.#
##.#..)..'.#.#...........#.##.#
#.#.....#...##.8.8.8.8.##..#.###
##.#.....#.#####.#...#.##........
...#######.# ##.....###...#.#..
##.........# ##...##.......#..
##........## ####+######.######
##.#.###### ##@#<.# #.# ...#.#
###g###.## ##.## ####.# #.)##
##.####...# ##'##
#.#.#####..##..## ##...##
#.##.#.#.(..g...## ##.....##
#.###..........(.# #.......##
#..###....g......##
........<####...####...>....#.###
.........'......g†)#........#....


You could see a gnoll.

Vanquished Creatures
  Natasha (thrice) (D:2)
  3 gnolls (D:2)
  4 adders (D:2)
  2 oozes
  A worm (D:2)
  3 dart slugs
  A giant gecko (D:1)
  6 bats
  A giant cockroach (D:2)
  11 goblins
  6 hobgoblins
  2 jackals (D:2)
  A quokka (D:2)
  2 ball pythons
  5 giant newts
  6 kobolds
  5 rats
62 creatures vanquished.

Notes
Turn   | Place    | Note
-------+----------+-------------------------------------------
     0 | D:1      | epen the Merfolk Monk began the quest for the Orb.
     0 | D:1      | Reached XP level 1. HP: 18/18 MP: 1/1
    98 | D:1      | Reached XP level 2. HP: 16/24 MP: 2/2
   545 | D:1      | Reached XP level 3. HP: 27/29 MP: 3/3
  1099 | D:2      | Reached skill level 5 in Polearms
  1269 | D:2      | Reached skill level 1 in Armour
  1395 | D:2      | Reached XP level 4. HP: 37/37 MP: 4/4
  1973 | D:2      | Noticed Natasha
  1993 | D:2      | Killed Natasha
  2013 | D:2      | Noticed Natasha
  2026 | D:2      | Killed Natasha
  2026 | D:2      | Reached XP level 5. HP: 24/42 MP: 5/5
  2173 | D:2      | Reached skill level 5 in Dodging
  2385 | D:2      | Noticed Natasha
  2393 | D:2      | Killed Natasha
  2669 | D:2      | Slain by a gnoll

Vault maps used:
D:1:      dpeg_arrival_water_fire
D:2:      first_bread, grunt_decor_fettered, nrook_mini_vaults, st_stairs_5,
          dk_noncrumbling_3, uniq_natasha

Skill      XL: |  1  2  3  4  5 |
---------------+----------------+-----
Polearms       | 5 |  5.9
Armour         | 1 2 |  2.1
Fighting       | 4 |  4.4
Dodging        | 5 |  5.2
Stealth        | |  2.1

Action                   |  1- 3 |  4- 6 || total
-------------------------+-------+-------++-------
Melee: Spear             |   128 |   147 ||   275
 Stab: Sleeping          |     9 |     2 ||    11
       Distracted        |       |     1 ||     1
  Eat: Chunk             |     1 |     5 ||     6
Armor: Robe              |     9 |     4 ||    13
Dodge: Dodged            |    51 |    86 ||   137
